AoeStats
← Kanyaga

Arabia

508523837Analyzed
1v1 RM · 10d ago on Sep 22, 2026· 45m 56s· 2 players
Game mode
Random Map
Map size
Tiny (2 player)
Population
200
Speed
Normal
Resources
Standard
Victory
Conquest
Starting age
Dark Age
Ending age
Imperial Age
RankedLock teamsTeams togetherTeam positionsShared explorationLock speedFull tech treeHidden civsTurbo modeCheats
Victory
Defeat
🇹🇷 Persians · Türkiye
1501
+13
🇨🇿 Random · Czechia
1443
-13
Kanyaga
1:41 Loom
9:05 Feudal Age
9:52 Double-Bit Axe
12:05 Horse Collar
20:18 Castle Age
21:13 Parthian Tactics
21:07 Bow Saw
20:58 Heavy Plow
21:58 Wheelbarrow
21:10 Town Watch
22:54 Padded Archer Armor
24:12 Fletching
24:30 Husbandry
25:15 Bodkin Arrow
27:29 Leather Archer Armor
27:13 Gold Mining
27:50 Stone Mining
28:26 Bloodlines
29:21 Thumb Ring
30:30 Ballistics
31:41 Scale Barding Armor
31:47 Forging
38:57 Imperial Age
37:54 Chain Barding Armor
38:35 Gold Shaft Mining
39:15 Parthian Tactics
39:19 Masonry
39:37 Conscription
40:35 Chemistry
40:40 Ring Archer Armor
40:54 Architecture
41:03 Plate Barding Armor
41:42 Iron Casting
42:47 Light Cavalry
43:41 Heavy Cavalry Archer
44:34 Hussar
Hōzōin Kenshin
7:02 Loom
9:18 Feudal Age
11:42 Double-Bit Axe
17:10 Horse Collar
21:46 Castle Age
20:51 Gold Mining
21:46 Wheelbarrow
21:46 Scale Mail Armor
22:12 Fletching
22:48 Chain Mail Armor
23:42 Bodkin Arrow
23:31 Elite Skirmisher
24:49 Padded Archer Armor
24:59 Forging
27:29 Leather Archer Armor
29:07 Iron Casting
28:30 Arson
30:28 Heated Shot
30:59 Ballistics
33:08 Pikeman
40:56 Imperial Age
38:43 Stone Mining
40:52 Bow Saw
42:12 Plate Mail Armor
41:30 Halberdier
43:37 Bracer
Connection lost

Rejoining the realm…

Still unreachable

The connection could not be restored.

Session expired

The server has moved on; the page needs a fresh start.